Map: Blueshift LE

Players

HatredStyle - Winner!

  • Race: Zerg Zerg
  • League: Platinum
  • Spawn Location: 1:00

Hilikus

  • Race: Terran Terran
  • League: Platinum
  • Spawn Location: 7:00

VOD

Have the link to the VOD?

Description

Didn't inject or rally very well.

Time

  • Played on: Sept. 2, 2018, 2:22 p.m.
  • Length: 18:33
Show
View Real Time Build Order
Export as new Build Order

HatredStyle Zerg - Winner!

Build Orders: Hatch First 

Get SALT Encoding   

  12  0:01  Drone  
  13  0:13  Overlord  
  13  0:17  Drone  
  14  0:31  Drone x2  
  14  0:35  Drone  
  17  0:54  Hatchery  
  17  0:56  Drone  
  17  1:01  Extractor, Drone  
  17  1:19  Spawning Pool, Drone  
  17  1:25  Drone  
  18  1:35  Drone  
  20  1:40  Drone  
  20  1:50  Overlord  
  20  2:05  Drone  
  20  2:06  Queen x2  
  20  2:07  Drone  
  26  2:11  Metabolic Boost  
  26  2:15  Zergling x2  
  27  2:22  Drone  
  28  2:27  Drone  
  29  2:34  Drone  
  30  2:43  Hatchery  
  29  2:50  Queen  
  31  2:52  Drone  
  31  2:58  Overlord  
  32  3:03  Drone x2  
  33  3:29  Queen  
  33  3:31  Drone x2  
  33  3:32  Drone x3  
  40  3:35  Baneling Nest, Lair  
  39  3:45  Evolution Chamber  
  39  3:47  Drone  
  39  3:48  Drone  
  40  3:53  Drone x3  
  43  4:02  Zergling x2  
  44  4:03  Zergling x10  
  44  4:05  Overlord  
  49  4:14  Overlord x2  
  49  4:28  Baneling  
  49  4:29  Baneling x4  
  49  4:30  Baneling x2  
  49  4:32  Zergling x16  
  49  4:37  Queen  
  59  4:45  Overlord x2  
  59  4:52  Zergling x2  
  60  4:53  Zergling x8  
  64  5:16  Zerg Melee Weapons Level 1  
  64  5:22  Extractor  
  63  5:31  Zergling x16  
  63  5:32  Zergling x2  
  53  6:04  Centrifical Hooks  
  53  6:08  Drone x4  
  57  6:13  Drone  
  57  6:14  Drone x7  
  57  6:17  Baneling x2  
  57  6:18  Baneling x2  
  65  6:24  Zergling x6  
  68  6:30  Drone  
  68  6:31  Hatchery  
  68  6:39  Drone  
  69  6:40  Drone x8  
  76  6:51  Zergling x10  
  80  6:57  Hatchery  
  80  6:59  Burrow  
  79  7:02  Zergling x2  
  79  7:03  Zergling x4  
  79  7:05  Baneling  
  79  7:06  Baneling x6  
  82  7:11  Extractor  
  82  7:13  Extractor  
  82  7:15  Extractor, Drone x2  
  82  7:16  Extractor  
  82  7:17  Overlord x2  
  82  7:18  Overlord x2  
  74  7:51  Spire  
  73  7:59  Hydralisk Den  
  73  8:03  Drone x3  
  73  8:04  Drone x2  
  77  8:07  Drone x3  
  77  8:11  Drone x4  
  84  8:17  Queen  
  86  8:30  Overlord x3  
  86  8:31  Overlord  
  86  8:34  Zerg Ground Armor Level 1  
  86  8:41  Infestation Pit  
  86  8:44  Zergling x2  
  86  8:45  Zergling x26  
  99  9:02  Queen  
  99  9:06  Drone x5  
  99  9:07  Drone x2  
  108  9:12  Grooved Spines  
  108  9:25  Hive  
  108  9:29  Baneling  
  108  9:30  Baneling x13  
  108  9:31  Baneling x11, Zergling x2  
  108  9:32  Zergling x22  
  119  10:38  Greater Spire  
  119  10:44  Extractor  
  119  10:46  Extractor  
  117  10:51  Muscular Augments  
  117  10:55  Zerg Melee Weapons Level 2  
  83  11:22  Hydralisk x12  
  83  11:23  Hydralisk x12  
  128  11:26  Hydralisk x6  
  128  11:27  Hydralisk x3  
  146  11:53  Hatchery  
  145  12:15  Corruptor  
  145  12:16  Corruptor  
  149  12:25  Overlord x3  
  149  12:26  Overlord x7  
  149  12:27  Overlord  
  149  12:31  Overseer x3  
  149  12:33  Overseer x3  
  149  12:59  Corruptor  
  149  13:00  Corruptor x9  
  169  13:35  Brood Lord x2  
  169  13:36  Brood Lord x3  
  179  13:45  Drone x5  
  184  14:13  Extractor  
  184  14:15  Extractor  
  182  14:20  Brood Lord x6  
  194  14:26  Brood Lord  
  196  14:50  Pneumatized Carapace  
  196  14:56  Zerg Flyer Armor Level 1  
  196  14:59  Zerg Melee Weapons Level 3  
  184  15:27  Hydralisk x2  
  184  15:28  Hydralisk x15  
  166  16:11  Hydralisk  
  166  16:12  Hydralisk x16  
  192  16:25  Hydralisk x4  
  170  16:54  Hydralisk x5  
  170  16:55  Hydralisk x8  
  180  17:15  Hydralisk x3  
  156  17:16  Hydralisk x6  
  166  17:33  Hydralisk x7  
  150  17:50  Hydralisk  
  150  17:51  Hydralisk x7  
  148  18:09  Hydralisk x3  
Show
View Real Time Build Order
Export as new Build Order

Hilikus Terran 

Build Orders: Bio Mine 

Get SALT Encoding   

  12  0:01  SCV  
  13  0:17  Supply Depot  
  13  0:25  SCV  
  14  0:36  Refinery  
  14  0:37  SCV  
  14  0:42  Barracks  
  15  0:56  Supply Depot  
  15  0:57  SCV  
  16  1:11  Barracks  
  16  1:16  SCV  
  17  1:31  Marine  
  18  1:39  Factory  
  18  1:44  SCV  
  19  1:49  Marine  
  20  1:57  Orbital Command  
  20  2:01  Marine  
  21  2:13  Barracks Reactor  
  21  2:34  Command Center  
  21  2:41  Barracks Tech Lab  
  21  2:43  Factory Tech Lab  
  21  2:45  SCV  
  22  2:51  Supply Depot  
  22  2:54  Marine x2  
  22  2:58  SCV  
  25  3:05  Marauder  
  27  3:10  Refinery  
  27  3:25  Marine  
  27  3:26  Marauder, Marine  
  31  3:29  Stimpack  
  31  3:39  SCV  
  32  3:50  Siege Tank  
  32  3:51  Marine x2  
  37  4:00  SCV  
  38  4:11  Orbital Command  
  38  4:12  SCV  
  38  4:13  Marine x2  
  38  4:14  Marauder  
  43  4:26  Siege Tank  
  43  4:27  Bunker  
  46  4:36  SCV  
  47  4:40  Supply Depot  
  47  4:42  Marine x2  
  47  4:44  SCV  
  50  4:48  SCV  
  51  4:56  Marauder  
  53  5:01  SCV  
  53  5:02  SCV  
  53  5:03  Supply Depot  
  53  5:05  Siege Tank  
  58  5:17  SCV x2  
  60  5:22  Marauder  
  60  5:24  Marine x2  
  60  5:26  Supply Depot  
  64  5:29  SCV  
  64  5:30  SCV  
  66  5:36  Concussive Shells  
  66  5:42  SCV x2  
  68  5:49  Command Center  
  65  6:05  Starport  
  65  6:08  Supply Depot, SCV x2  
  65  6:10  Engineering Bay  
  67  6:13  Marine x2  
  69  6:19  Combat Shield  
  69  6:20  SCV x2  
  69  6:23  Refinery  
  71  6:32  SCV  
  72  6:35  Engineering Bay  
  72  6:38  Armory  
  72  6:41  Terran Infantry Weapons Level 1  
  72  6:45  Refinery  
  72  6:58  SCV x2  
  72  7:00  Barracks  
  74  7:01  Starport Reactor  
  74  7:02  Starport  
  74  7:10  SCV  
  74  7:12  Orbital Command  
  74  7:15  Terran Infantry Armor Level 1  
  75  7:18  Marine x2  
  75  7:19  Marauder  
  79  7:36  Siege Tank  
  79  7:37  Marine x2  
  59  7:38  Medivac  
  59  7:39  Starport Reactor, Medivac  
  59  7:40  SCV  
  67  7:46  Marauder  
  68  7:54  SCV x2  
  68  7:55  SCV  
  68  7:56  Marine x2  
  68  7:57  Barracks Reactor  
  73  8:01  Barracks  
  73  8:09  Factory  
  73  8:18  Medivac  
  73  8:19  Medivac  
  77  8:22  Marine x2  
  77  8:24  Marauder  
  77  8:26  Hellion  
  83  8:28  Terran Vehicle Weapons Level 1  
  83  8:30  Supply Depot  
  83  8:31  SCV  
  83  8:32  SCV  
  85  8:37  SCV  
  86  8:41  Refinery  
  86  8:43  Refinery, SCV  
  86  8:45  Marine x2  
  89  8:50  Hellion  
  89  8:51  SCV  
  89  8:52  SCV  
  94  8:55  SCV  
  94  8:56  Factory Reactor, Supply Depot  
  94  8:59  Barracks Reactor  
  94  9:01  Factory  
  94  9:03  SCV  
  94  9:04  SCV  
  94  9:06  Marine x2  
  98  9:10  Infernal Pre-Igniter  
  98  9:11  Hellion  
  98  9:16  Terran Infantry Weapons Level 2  
  100  9:25  Terran Infantry Armor Level 2  
  100  9:33  Hellion x2  
  104  9:44  SCV x3  
  107  9:54  Armory, Marine x2  
  107  9:55  Marine x2  
  107  9:56  Marauder, Marine x2  
  107  9:58  Hellion  
  117  10:02  Supply Depot  
  117  10:06  Supply Depot  
  117  10:09  Command Center  
  117  10:19  Supply Depot  
  117  10:20  Supply Depot  
  117  10:24  SCV x3, Hellion x2  
  124  10:36  Siege Tank  
  124  10:39  Liberator x2, Terran Vehicle And Ship Armor Level 1  
  124  10:41  Marine x4  
  131  10:43  Factory Tech Lab  
  131  10:44  Factory Reactor  
  131  10:46  Hellion x2  
  141  10:58  Marauder, Marine x2  
  141  11:01  SCV x2  
  147  11:07  Hellion  
  147  11:08  Terran Vehicle Weapons Level 2  
  149  11:14  Hellion  
  149  11:16  Supply Depot  
  149  11:17  Supply Depot x2  
  101  11:23  Marine x5  
  101  11:24  Marauder  
  106  11:30  Planetary Fortress  
  106  11:38  Supply Depot, Hellion x2  
  110  11:44  Supply Depot  
  110  11:47  Terran Infantry Weapons Level 3, Liberator x2  
  110  11:48  Terran Infantry Armor Level 3, Liberator  
  110  11:57  Hellion x2  
  123  12:13  Widow Mine x2  
  127  12:18  Widow Mine  
  127  12:19  Marauder, Marine x2  
  127  12:21  Widow Mine x2  
  137  12:36  Command Center  
  137  12:39  Missile Turret  
  137  12:42  Widow Mine x2  
  141  12:47  Liberator x2  
  141  12:55  SCV x3  
  141  12:58  Marine x4  
  145  12:59  Marauder  
  145  13:00  Widow Mine x2  
  145  13:01  Terran Vehicle And Ship Armor Level 2  
  160  13:16  Liberator x2  
  160  13:18  Widow Mine  
  160  13:19  Widow Mine, Marine x5  
  169  13:21  Marauder  
  171  13:27  Refinery  
  171  13:30  Refinery, Terran Vehicle Weapons Level 3  
  177  13:36  Widow Mine x2, Marine x2  
  177  13:37  Marine x2  
  185  13:42  Marauder  
  187  13:53  Drilling Claws  
  188  14:10  SCV x2  
  188  14:13  Planetary Fortress  
  189  14:41  Marine x3  
  189  14:42  Marine x4  
  189  14:44  Viking, Medivac  
  187  15:21  Marine x2  
  187  15:22  Marine x4  
  187  15:23  Marauder  
  179  15:32  Viking  
  179  15:33  Viking x3  
  178  15:39  Marine x3  
  178  15:40  Marine  
  168  15:44  Marauder  
  158  15:51  Terran Ship Weapons Level 1  
  153  16:00  Widow Mine x2  
  153  16:01  Starport  
  153  16:02  Viking x2  
  153  16:03  Viking x2  
  163  16:06  Marauder  
  156  16:13  Marine x6  
  147  16:20  Barracks  
  147  16:23  Barracks  
  134  16:26  Marine  
  134  16:27  Barracks  
  134  16:31  Marine x6  
  134  16:45  Marauder, Medivac  
  134  16:46  Medivac x3  
  142  16:48  Marine x2, Medivac  
  142  16:49  Marine x2  
  142  16:54  Marine  
  142  16:57  Widow Mine x3  
  142  16:58  Marine  
  148  17:06  Marine x2  
  148  17:07  Marine  
  143  17:11  Marine x3  
  134  17:21  Marine  
  131  17:24  Marine x2  
  131  17:28  Marine  
  131  17:29  Marine  
  123  17:31  Marine x2  
  123  17:34  Widow Mine x3  
  124  17:39  Marine  
  115  17:44  Marine  
  115  17:46  Marine  
  115  17:47  Marine  
  115  17:49  Marine  
  94  18:00  Viking  
  92  18:09  Starport  
  92  18:11  Starport, Barracks  
  90  18:14  Barracks  
Tags
 
Composition
Bio Mine
Matchup
TvZ
Spawn Locations
Cross Positions
Add a new tag
Caveats
  • Supply blocks, unpowered buildings, or Contaminate may cause inaccurate times.
  • Supply counts are checked every 10 seconds.